 Dungeon Crawl Stone Soup version 0.28.0-53-g5a82cb258f (webtiles) character file.

Game seed: 15493521809214867952

14280 cbfl8 the Cleaver (level 11, -4/101 HPs)
             Began as a Minotaur Berserker on Aug 1, 2022.
             Was an Elder of Trog.
             Slain by a boulder beetle (18 damage)
             ... on level 12 of the Dungeon.
             The game lasted 00:17:44 (14548 turns).

cbfl8 the Cleaver (Minotaur Berserker)             Turns: 14548, Time: 00:17:45

Health: -4/101     AC: 17    Str: 28    XL:     11   Next: 86%
Magic:  10/10      EV: 10    Int:  4    God:    Trog [****..]
Gold:   494        SH: 15    Dex: 14    Spells: 10/10 levels left

rFire   . . .      SeeInvis .   a - +0 hand axe
rCold   . . .      Faith    .   j - +0 kite shield
rNeg    + . .      Spirit   .   n - +0 plate armour
rPois   .          Reflect  +   (helmet restricted)
rElec   .          Harm     .   h - +0 cloak
rCorr   .          Rampage  .   (no gloves)
Will    .....                   l - +0 pair of boots
Stlth   ..........              v - amulet of reflection
HPRegen 0.26/turn               q - +6 ring of strength
MPRegen 0.12/turn               o - ring of positive energy

@: about to teleport, on berserk cooldown, slowed, very slow
A: horns 2, retaliatory headbutt
a: Renounce Religion, Berserk, Trog's Hand, Brothers in Arms


You were on level 12 of the Dungeon.
You worshipped Trog.
Trog was greatly pleased with you.
You visited 1 branch of the dungeon, and saw 12 of its levels.

You collected 734 gold pieces.
You spent 240 gold pieces at shops.

Inventory:

Hand Weapons
 a - a +0 hand axe (weapon)
Armour
 h - a +0 cloak (worn)
 j - a +0 kite shield (worn)
 l - a +0 pair of boots (worn)
 n - a +0 plate armour (worn)
 r - a +0 chain mail
Jewellery
 o - a ring of positive energy (right hand)
 q - a +6 ring of strength (left hand)
 s - a +6 ring of intelligence
 v - an amulet of reflection (around neck)
 y - a ring of positive energy
Wands
 c - a wand of flame (42) (quivered)
 x - a wand of charming (10)
 L - a wand of paralysis (5)
Scrolls
 d - 3 scrolls of immolation {unknown}
 f - 2 scrolls of magic mapping {unknown}
 g - 2 scrolls of enchant weapon
 i - 2 scrolls of fog {unknown}
 k - 4 scrolls of fear
 m - 2 scrolls of vulnerability
 w - a scroll of torment {unknown}
 B - a scroll of blinking {unknown}
 E - a scroll of summoning {unknown}
 G - 3 scrolls of noise
Potions
 b - 2 potions of brilliance {unknown}
 e - 4 potions of magic
 t - 2 potions of ambrosia {unknown}
 u - 4 potions of degeneration
 z - 2 potions of lignification {unknown}
 A - a potion of resistance {unknown}
 C - 3 potions of mutation
 D - 2 potions of curing {unknown}
 F - a potion of invisibility {unknown}
 H - a potion of cancellation {unknown}
 J - a potion of attraction {unknown}
Miscellaneous
 K - a lightning rod (1/4)


   Skills:
 * Level 10.6 Fighting
 + Level 11.4 Axes
 + Level 9.9 Armour
 * Level 8.8 Dodging
 + Level 1.0 Stealth
 + Level 8.2 Shields
 * Level 6.5 Evocations


You had 10 spell levels left.
You didn't know any spells.
Your spell library was empty.

Dungeon Overview and Level Annotations

Branches:
Dungeon (12/15)            Temple (0/1) D:4            Lair (0/6) D:11
    Orc (0/2) D:9

Altars:
Hepliaklqana
Makhleb
Okawaru
Qazlal
Ru
Trog
Uskayaw
Wu Jian
Xom
Yredelemnul
Zin

Shops:
D:2 =   D:9 (*


Innate Abilities, Weirdness & Mutations

You have a pair of horns on your head.
You reflexively headbutt those who attack you in melee.


Message History

You feel a strong urge to attack something.
The boulder beetle curls into a ball and begins rolling!
Unknown command.
You are too berserk!
Found 10 gold pieces.
You feel your anger nearly subside.
You are no longer berserk.
You are exhausted.
You feel yourself slow down.
Items here: ( )) †.
Okay, then.
Okay, then.
Aiming: Thunderbolt
Press: ? - help, Q - select action, (/) - cycle Shift-Dir - straight line, f - boulder beetle
Aim: a boulder beetle (heavily wounded, rolling)
The thunderbolt hits the boulder beetle.
The boulder beetle is severely wounded.
The boulder beetle barely misses you. You furiously retaliate!
You headbutt the boulder beetle, but do no damage.
The boulder beetle stops rolling and uncurls.
You block the boulder beetle's attack.
Aiming: Thunderbolt
Press: ? - help, Q - select action, (/) - cycle Shift-Dir - straight line, f/p - boulder beetle
Aim: a boulder beetle (severely wounded)
The thunderbolt hits the boulder beetle!
The boulder beetle is severely wounded.
The boulder beetle bites you.
* * * LOW HITPOINT WARNING * * *
Aiming: Thunderbolt
Press: ? - help, Q - select action, (/) - cycle Shift-Dir - straight line, f/p - boulder beetle
Aim: a boulder beetle (severely wounded)
The thunderbolt hits the boulder beetle!
The boulder beetle is almost dead.
The boulder beetle bites you!
* * * LOW HITPOINT WARNING * * *
You block the boulder beetle's attack.
As you read the scroll of teleportation, it crumbles to dust.
You feel strangely unstable.
The boulder beetle bites you but does no damage.
The boulder beetle bites you!!
You die...

##### #...# #...#########
#............
#............
#.###########
##############.# #
........)......# #
........B@.....# #
...............####+######
....#######...............
... #............... $
##..............
#..............
#....###+#..... #....#
#..... .. #.####


You could see a boulder beetle.

Vanquished Creatures
  A boulder beetle (D:10)
  6 two-headed ogres
  Pikel (D:4)
  A deep elf pyromancer (D:8)
  A cyclops (D:11)
  An unseen horror (D:12)
  Psyche (D:9)
  A komodo dragon (D:11)
  2 hornets
  A troll (D:10)
  A meliai zombie (D:11)
  A shadow (D:10)
  2 centaur simulacra (D:12)
  A vampire (D:10)
  A wraith (D:12)
  12 yaks
  2 wyverns
  3 vampire mosquitoes (D:10)
  3 steam dragons
  3 water moccasins
  3 orc warriors
  A swamp drake (D:9)
  An ice beast (D:12)
  5 black bears
  2 necrophages
  An ogre (D:6)
  6 centaurs
  2 kobold brigands (D:11)
  A phantom (D:5)
  2 wyvern zombies
  5 scorpions
  2 bullfrogs (D:11)
  A water moccasin skeleton (D:4)
  6 howler monkeys
  2 centaur zombies (D:8)
  4 hounds
  5 orc priests
  Crazy Yiuf (D:5)
  An iguana (D:7)
  Natasha (D:4)
  2 orc wizards
  2 hound skeletons (D:5)
  A howler monkey zombie (D:9)
  4 gnolls (D:3)
  8 adders
  2 howler monkey skeletons
  4 white imps
  2 ufetubi
  4 dart slugs
  37 orcs
  4 ball pythons
  7 endoplasms
  5 giant cockroaches
  7 goblins
  5 hobgoblins
  7 jackals (D:1)
  5 quokkas
  8 bats
  5 frilled lizards
  16 kobolds
  5 rats
237 creatures vanquished.

Vanquished Creatures (others)
  A yak (D:10)
  An orc wizard (D:9)
  3 demonic plants (D:1)
  43 fungi
  37 plants
  A withered plant (D:1)
86 creatures vanquished.

Grand Total: 323 creatures vanquished

Notes
Turn   | Place    | Note
-------+----------+-------------------------------------------
     0 | D:1      | cbfl8 the Minotaur Berserker began the quest for the Orb.
     0 | D:1      | Reached XP level 1. HP: 19/19 MP: 0/0
    66 | D:1      | Reached XP level 2. HP: 18/27 MP: 1/1
   219 | D:1      | Reached skill level 4 in Axes
   250 | D:1      | Found a faded altar of an unknown god.
   653 | D:1      | Reached XP level 3. HP: 33/33 MP: 2/2
   661 | D:1      | Reached ** piety under Trog
  1330 | D:2      | Reached XP level 4. HP: 41/41 MP: 3/3
  1395 | D:2      | Found Hieqawyo's Jewellery Boutique.
  2035 | D:3      | Found a bloodstained altar of Trog.
  2292 | D:3      | Found an ornate altar of the Wu Jian Council.
  2293 | D:3      | Found a stormy altar of Qazlal.
  2293 | D:3      | Found a hazy altar of Hepliaklqana.
  2295 | D:3      | Found a sacrificial altar of Ru.
  2463 | D:3      | Reached skill level 5 in Axes
  2463 | D:3      | Reached XP level 5. HP: 44/47 MP: 4/4
  3013 | D:3      | Found a burning altar of Makhleb.
  3335 | D:4      | Reached skill level 1 in Evocations
  3650 | D:4      | Reached skill level 5 in Fighting
  3650 | D:4      | Reached XP level 6. HP: 39/56 MP: 5/5
  3890 | D:4      | Noticed Pikel
  3908 | D:4      | Killed Pikel
  3909 | D:4      | Reached skill level 6 in Axes
  3909 | D:4      | Reached XP level 7. HP: 61/61 MP: 6/6
  3946 | D:4      | Noticed Natasha
  3955 | D:4      | Killed Natasha
  4035 | D:4      | Reached skill level 5 in Armour
  4107 | D:4      | Found a staircase to the Ecumenical Temple.
  4467 | D:4      | Reached *** piety under Trog
  4782 | D:5      | Entered Level 5 of the Dungeon
  4821 | D:5      | Found a white marble altar of Elyvilon.
  4824 | D:5      | Found a shimmering altar of Xom.
  4824 | D:5      | Found a basalt altar of Yredelemnul.
  4828 | D:5      | Found an iron altar of Okawaru.
  4828 | D:5      | Found a shimmering altar of Xom.
  4828 | D:5      | Found an iron altar of Okawaru.
  4874 | D:5      | Reached XP level 8. HP: 47/70 MP: 7/7
  5148 | D:5      | HP: 1/70 [orc warrior/+0 dire flail (12)]
  5156 | D:5      | Reached skill level 5 in Dodging
  5397 | D:5      | Found a runed translucent door.
  5398 | D:5      | Noticed Crazy Yiuf
  5693 | D:5      | Found a glowing silver altar of Zin.
  5789 | D:5      | Killed Crazy Yiuf
  6112 | D:6      | Reached skill level 7 in Axes
  6877 | D:7      | Noticed a hornet
  6890 | D:7      | Paralysed by a hornet for 3 turns
  7121 | D:7      | Reached XP level 9. HP: 67/79 MP: 8/8
  8519 | D:8      | Reached skill level 8 in Axes
  8519 | D:8      | Reached skill level 5 in Shields
  8652 | D:8      | Noticed a deep elf pyromancer
  8658 | D:8      | Killed a deep elf pyromancer
  9709 | D:9      | Found Qaxtof's Hallowed Reliquary.
  9709 | D:9      | Noticed an angel
  9717 | D:9      | Bought a potion of heal wounds for 80 gold pieces
  9717 | D:9      | Bought a potion of heal wounds for 80 gold pieces
  9717 | D:9      | Bought a potion of heal wounds for 80 gold pieces
  9727 | D:9      | Noticed a +0 short sword
  9727 | D:9      | Noticed a +0 dagger
  9727 | D:9      | Noticed a +0 falchion
  9728 | D:9      | Noticed a +0 dagger
  9729 | D:9      | Noticed a +0 spear
  9729 | D:9      | Noticed a +0 short sword
  9729 | D:9      | Noticed a +0 falchion
  9730 | D:9      | Noticed a +0 spear
  9733 | D:9      | Found a hide-covered altar of Uskayaw.
  9855 | D:9      | Noticed a two-headed ogre
  9863 | D:9      | Killed a two-headed ogre
  9864 | D:9      | Reached skill level 9 in Axes
  9864 | D:9      | Reached XP level 10. HP: 63/89 MP: 9/9
 10165 | D:9      | Found Towiaxzi's Weapon Shop.
 10166 | D:9      | Found a staircase to the Orcish Mines.
 10181 | D:9      | Noticed Psyche
 10188 | D:9      | Noticed a two-headed ogre
 10197 | D:9      | Killed Psyche
 10198 | D:9      | Reached skill level 5 in Evocations
 10203 | D:9      | Killed a two-headed ogre
 10204 | D:9      | Reached skill level 1 in Stealth
 10608 | D:10     | Entered Level 10 of the Dungeon
 10735 | D:10     | Noticed a two-headed ogre
 10745 | D:10     | Killed a two-headed ogre
 10746 | D:10     | Reached skill level 10 in Axes
 10836 | D:10     | Noticed a boulder beetle
 11102 | D:10     | Killed a boulder beetle
 11103 | D:10     | Reached XP level 11. HP: 58/97 MP: 10/10
 11381 | D:10     | Noticed a two-headed ogre
 11382 | D:10     | Noticed a two-headed ogre
 11389 | D:10     | Killed a two-headed ogre
 11396 | D:10     | Killed a two-headed ogre
 12486 | D:11     | Reached skill level 11 in Axes
 12747 | D:10     | Reached skill level 10 in Fighting
 12953 | D:11     | Reached **** piety under Trog
 13144 | D:11     | Found a staircase to the Lair.
 13287 | D:11     | Noticed a two-headed ogre
 13297 | D:11     | Killed a two-headed ogre
 14164 | D:12     | Noticed a five-headed hydra
 14525 | D:12     | Noticed a boulder beetle
 14548 | D:12     | Slain by a boulder beetle

Illustrated notes

Levels and vault maps discovered:
D:1:      scummos_arrival_gate, layout_basic, shapermc_ecumenical_altar_gd
D:2:      layout_rooms, serial_shops, shop
D:3:      layout_loops_corners, bloody_makhleb, minitemple, trog_book
D:4:      layout_loops_cross, minmay_temple_entry_nine_rooms,
          kennysheep_small_circle, uniq_natasha, uniq_pikel
D:5:      layout_basic, zin_treasury, doesnt_xom_only_xom,
          uniq_crazy_yiuf_cottage
D:6:      nicolae_BIG_FREAKIN_CUBE, layout_rooms
D:7:      layout_basic
D:8:      layout_basic
D:9:      layout_basic, nicolae_uskayaw_en_pointe, orc_david_3,
          small_statue_intersection, nicolae_good_shop, uniq_psyche
D:10:     layout_roguey, kennysheep_generic_room_3
D:11:     layout_cave_pools, due_lair_maze_entry_diamond
D:12:     old_forge, layout_irregular_city, serial_ice, serial_ice_f,
          serial_ice_e, serial_ice_c, serial_ice_h

Skill      XL: |  1  2  3  4  5  6  7  8  9 10 11 |
---------------+----------------------------------+-----
Fighting       | 4 5 6 7 8 9 10 | 10.6
Axes           | 4 5 6 7 9 10 11 | 11.4
Armour         | 3 4 5 6 7 8 9 |  9.9
Dodging        | 3 4 5 7 8 |  8.8
Evocations     | 1 2 3 4 5 6 |  6.5
Shields        | 2 4 5 7 8 |  8.2
Stealth        | 1 |  1.0

Action                   |  1- 3 |  4- 6 |  7- 9 | 10-12 || total
-------------------------+-------+-------+-------+-------++-------
Melee: Hand axe          |    77 |   138 |   303 |   319 ||   837
       Punch             |     1 |     1 |       |       ||     2
       Headbutt          |     8 |    18 |    53 |    87 ||   166
Invok: Berserk           |       |     3 |     8 |     9 ||    20
       Trog's Hand       |       |       |       |     1 ||     1
Evoke: Wand              |       |       |       |    13 ||    13
       Lightning rod     |       |       |       |     3 ||     3
  Use: Scroll            |     1 |       |     7 |     5 ||    13
       Potion            |       |       |     3 |     3 ||     6
Armor: Scale mail        |    29 |    52 |       |       ||    81
       Animal skin       |     2 |       |       |       ||     2
       Chain mail        |       |    16 |    19 |       ||    35
       Plate armour      |       |       |    69 |   165 ||   234
Dodge: Dodged            |    48 |    45 |    74 |    98 ||   265
Block: Kite shield       |       |    37 |   216 |   265 ||   518
       Reflection        |       |       |     1 |    19 ||    20
